 Dungeon Crawl Stone Soup version 0.28-a0-984-g3775c662fe (webtiles) character file.

Game seed: 939995687107353139

2 ryw the Vexing (level 1, 0/18 HPs)
             Began as a Naga Arcane Marksman on Dec 3, 2021.
             Slain by a giant cockroach (1 damage)
             ... on level 1 of the Dungeon.
             The game lasted 00:00:15 (106 turns).

ryw the Vexing (Naga Arcane Marksman)                Turns: 106, Time: 00:00:15

Health: 0/18       AC:  1    Str: 12    XL:     1   Next: 40%
Magic:  2/2        EV:  9    Int: 13    God:
Gold:   9          SH:  0    Dex: 11    Spells: 1/2 levels left

rFire   . . .      SeeInvis +   a - +0 shortbow
rCold   . . .      Faith    .   (shield currently unavailable)
rNeg    . . .      Spirit   .   d - +0 robe
rPois   +          Reflect  .   (no helmet)
rElec   .          Harm     .   (no cloak)
rCorr   .          Rampage  .   (no gloves)
Will    .....                   (no barding)
Stlth   +.........              (no amulet)
HPRegen 0.06/turn               (no ring)
MPRegen 0.08/turn               (no ring)

@: very slow
A: AC +0, large, see invisible, deformed body, poison resistance, slowness 2,
spit poison 1, naga tail 1
a: Spit Poison


You were on level 1 of the Dungeon.
You visited 1 branch of the dungeon, and saw 1 of its levels.

You collected 9 gold pieces.

Inventory:

Hand Weapons
 a - a +0 shortbow (weapon)
Missiles
 c - 10 arrows (quivered ammo)
Armour
 d - a +0 robe (worn)


   Skills:
 + Level 1.0 Fighting
 * Level 1.8 Bows
 + Level 1.6 Dodging
 + Level 1.0 Spellcasting
 + Level 3.0 Hexes


You had one spell level left.
You knew the following spells:

 Your Spells              Type           Power      Damage    Failure   Level
a - Slow                  Hex            32%        N/A       9%          1

Your spell library contained the following spells:

 Spells                   Type           Power      Damage    Failure   Level
 Inner Flame              Hex/Fire       4%         N/A       41%         3
 Portal Projectile        Hex/Tloc       8%         N/A       41%         3
 Cause Fear               Hex            4%         N/A       63%         4


Dungeon Overview and Level Annotations

Branches:
Dungeon (1/15)

Altars:


Innate Abilities, Weirdness & Mutations

Your serpentine skin is tough. (AC +0)
You have supernaturally acute eyesight. (SInv)
Armour fits poorly on your strangely shaped body.
Your system is resistant to poisons. (rPois)
You cover ground very slowly.
You can spit poison.
You have a snake-like lower body.


Message History

A kobold comes into view. It is wielding a +0 short sword.
The kobold shouts!
You shoot an arrow. The arrow hits the kobold.
The kobold is severely wounded.
A hobgoblin comes into view.
A ball python comes into view.
You shoot an arrow. The arrow closely misses the kobold.
The ball python hisses angrily.
The hobgoblin shouts!
The kobold throws a stone.
The stone hits you.
You shoot an arrow. The arrow barely misses the kobold.
The kobold throws a stone.
The stone barely misses you.
You shoot an arrow. The arrow closely misses the kobold.
A giant cockroach comes into view.
The kobold throws a stone.
The stone barely misses you.
You shoot an arrow.
The arrow closely misses the ball python.
The giant cockroach waves its antennae.
A kobold comes into view. It is wielding a +0 short sword.
You shoot an arrow. The arrow barely misses the hobgoblin.
The kobold shouts!
The arrow hits the ball python.
The ball python is severely wounded.
The ball python barely misses you. The hobgoblin hits you.
You shoot an arrow. The arrow hits the ball python.
You kill the ball python!
The kobold hits you with a +0 short sword.
The hobgoblin closely misses you.
You shoot an arrow. The arrow barely misses the kobold.
The kobold hits you with a +0 short sword.
The hobgoblin barely misses you.
You shoot an arrow. The arrow barely misses the kobold.
The kobold completely misses you. The giant cockroach bites you.
The hobgoblin hits you.
* * * LOW HITPOINT WARNING * * *
Unknown command.
The giant cockroach barely misses you.
The kobold hits you with a +0 short sword.
* * * LOW HITPOINT WARNING * * *
The giant cockroach closely misses you. The kobold barely misses you.
The giant cockroach bites you.
You die...

#################
#........(.......#
#.#....##..†#....#
...(... #.@.#....########
.......##KB.#............
........Kg..#............
..........###............
.....(....# ####'########
#....((...# #.#
#(........######.#
.(........##....†#######
....#..................#


You could see a giant cockroach, a hobgoblin and 2 kobolds.

Vanquished Creatures
  A giant cockroach (D:1)
  2 ball pythons (D:1)
3 creatures vanquished.

Notes
Turn   | Place    | Note
-------+----------+-------------------------------------------
     0 | D:1      | ryw the Naga Arcane Marksman began the quest for the Orb.
     0 | D:1      | Reached XP level 1. HP: 18/18 MP: 2/2
   106 | D:1      | Slain by a giant cockroach

Illustrated notes

Levels and vault maps discovered:
D:1:      scummos_arrival_checkerplants, layout_basic

Action                   || total
-------------------------++-------
 Fire: Shortbow          ||    13
Armor: Robe              ||     1
Dodge: Dodged            ||     9

Table legend: (Time is in decaauts)
 A = Elapsed time spent in this place.
 B = Non-inter-level travel time spent in this place.
 C = Inter-level travel time spent in this place.
 D = Time resting spent in this place.
 E = Time spent auto-exploring this place.
 F = Levels seen in this place.
 G = Mean time per level.
                   A        B        C        D        E       F      G
               +--------+--------+--------+--------+--------+-----+--------+
         Total |    126 |    126 |      0 |      0 |     92 |   1 |  126.0 |
       Dungeon |    126 |    126 |      0 |      0 |     92 |   1 |  126.0 |
               +--------+--------+--------+--------+--------+-----+--------+

Top non-repeatable levels by time:
     D:1: 126 daAuts
